 Seeded DCSS version 0.28-a0-1567-g1695149f81 (webtiles) character file.

Game seed: 3792 (custom seed)

784 knot the Cleaver (level 7, 0/78 HPs)
             Began as a Demonspawn Berserker on Jan 20, 2022.
             Was a Believer of Trog.
             Slain by an orc warrior (2 damage)
             ... on level 5 of the Dungeon.
             The game lasted 00:03:14 (5826 turns).

knot the Cleaver (Demonspawn Berserker)             Turns: 5826, Time: 00:03:15

Health: 0/78       AC:  6    Str: 17    XL:     7   Next: 55%
Magic:  7/7        EV: 12    Int: 10    God:    Trog [**....]
Gold:   215        SH:  0    Dex: 17    Spells: 6/6 levels left

rFire   . . .      SeeInvis .   a - +0 hand axe
rCold   . . .      Faith    .   (no shield)
rNeg    . . .      Spirit   .   b - +0 animal skin
rPois   .          Reflect  .   s - +2 helmet
rElec   .          Harm     .   D - +0 cloak
rCorr   .          Rampage  .   (no gloves)
Will    .....                   (no boots)
Stlth   ..........              (no amulet)
HPRegen 0.23/turn               (no ring)
MPRegen 0.10/turn               (no ring)

@: berserking, very quick
A: thin skeletal structure 2, demonic touch 2
a: Renounce Religion, Berserk, Trog's Hand


You were on level 5 of the Dungeon.
You worshipped Trog.
Trog was pleased with you.
You visited 1 branch of the dungeon, and saw 5 of its levels.

You collected 215 gold pieces.

Inventory:

Hand Weapons
 a - a +0 hand axe (weapon)
Missiles
 e - 137 stones (quivered)
 u - 19 sling bullets
 x - a throwing net
 y - 4 javelins
Armour
 b - a +0 animal skin (worn)
 s - a +2 helmet (worn)
 D - a +0 cloak (worn)
Jewellery
 k - a ring of willpower
 m - a +6 ring of dexterity
 n - a +6 ring of dexterity
 v - a ring of willpower
Scrolls
 c - 3 scrolls of teleportation {unknown}
 g - a scroll of brand weapon {unknown}
 h - a scroll of fear {unknown}
 i - 5 scrolls of identify {unknown}
 j - a scroll of noise {unknown}
 l - a scroll of magic mapping {unknown}
 q - a scroll of holy word {unknown}
 r - a scroll of torment {unknown}
 w - a scroll of amnesia {unknown}
 B - a scroll of silence {unknown}
Potions
 d - 5 potions of heal wounds {unknown}
 f - a potion of haste {unknown}
 o - 2 potions of ambrosia {unknown}
 p - a potion of lignification {unknown}
 t - a potion of degeneration {unknown}
 z - 2 potions of flight {unknown}
 A - a potion of curing {unknown}
 C - a potion of might {unknown}


   Skills:
 - Level 3.0 Fighting
 + Level 8.3 Axes
 - Level 1.7 Armour
 - Level 1.7 Dodging


You had 6 spell levels left.
You didn't know any spells.
Your spell library was empty.

Dungeon Overview and Level Annotations

Branches:
Dungeon (5/15)             Temple (0/1) D:4

Altars:
Zin

Shops:
D:2 !=:?   D:3 !

Annotations:
D:1 1 runed translucent door


Innate Abilities, Weirdness & Mutations

You have a moderately thin skeletal structure. (Dex +4, Stealth++)
Your touch may inflict irresistible damage on your foes.


Message History

The orc warrior is wielding a +0 vorpal hand axe.
There is an open door here.
An iguana comes into view.
There are monsters nearby!
The orc warrior shouts!
The iguana hisses angrily.
The orc warrior hits you with a +0 vorpal hand axe.
The iguana bites you!
You closely miss the orc warrior.
You touch the orc warrior!
The orc warrior is moderately wounded.
You closely miss the iguana.
The orc warrior hits you with a +0 vorpal hand axe!
The iguana misses you.
You hit the orc warrior.
The orc warrior is moderately wounded.
You hit the iguana. The iguana closely misses you. The orc warrior misses you.
You completely miss the orc warrior.
You touch the orc warrior.
The orc warrior is heavily wounded.
You hit the iguana but do no damage. You closely miss the orc warrior.
Your touch misses the orc warrior.
The orc warrior is heavily wounded.
You hit the iguana.
The orc warrior hits you with a +0 vorpal hand axe.
The iguana bites you.
A red film seems to cover your vision as you go berserk!
You feel yourself moving faster!
You feel mighty!
The orc warrior hits you with a +0 vorpal hand axe!
* * * LOW HITPOINT WARNING * * *
x2 The iguana closely misses you.
You hit the orc warrior.
The orc warrior is severely wounded.
You barely miss the iguana.
The orc warrior hits you with a +0 vorpal hand axe.
* * * LOW HITPOINT WARNING * * *
x2 The iguana barely misses you.
You hit the orc warrior. Your touch misses the orc warrior.
The orc warrior is severely wounded.
You hit the iguana.
The orc warrior hits you with a +0 vorpal hand axe!
* * * LOW HITPOINT WARNING * * *
You die...

#.# #.......# #...#
#####... #.#
#.......####...####.......
#.#
#..................|......
#.#
#.......##.....####.......
#.### #.......##.....#
#####... ##...#
###.....#####..# #...
#...## ##.####...#### #...
#.### .#####.ol..# ##...
#.# .......@#..# #.... #.#
.#####.....# #.... #.#
##...#### #.... #.#####
##.###.#######.... #.....#
#.##.#.#...#..>.. #######
#.'..##......###.
#.##.#.......###.
#.##.......).....
...##........##..


You could see an orc warrior and an iguana.

Vanquished Creatures
  Sigmund (D:2)
  A necrophage (D:4)
  An ogre (D:5)
  A scorpion (D:5)
  A water moccasin skeleton (D:4)
  A howler monkey (D:5)
  A bullfrog zombie (D:5)
  A centaur zombie (D:5)
  2 hounds
  2 iguanas (D:5)
  6 adders
  3 ufetubi
  4 dart slugs
  4 orcs
  5 endoplasms
  7 giant cockroaches
  3 goblins
  A hobgoblin (D:2)
  A jackal (D:2)
  5 quokkas
  4 ball pythons
  3 bats (D:1)
  4 frilled lizards
  3 kobolds
  4 rats
69 creatures vanquished.

Notes
Turn   | Place    | Note
-------+----------+-------------------------------------------
     0 | D:1      | knot the Demonspawn Berserker began the quest for the Orb.
     0 | D:1      | Reached XP level 1. HP: 18/18 MP: 1/1
     1 | D:1      | Found a runed translucent door.
   241 | D:1      | Reached skill level 3 in Axes
   491 | D:1      | Gained mutation: You have a somewhat thin skeletal
                  | structure. (Dex +2, Stealth+) [demonic ancestry]
   491 | D:1      | Reached XP level 2. HP: 19/24 MP: 2/2
   852 | D:1      | Found a faded altar of an unknown god.
  1403 | D:2      | Reached XP level 3. HP: 20/29 MP: 3/3
  1714 | D:2      | Found Viecrud's Magic Scroll Emporium.
  1718 | D:2      | Found Bem Famo's Book Shop.
  1727 | D:2      | Reached skill level 4 in Axes
  1780 | D:2      | Found Feutenko's Jewellery Emporium.
  1998 | D:2      | Found Binot's Distillery.
  2247 | D:2      | Noticed Sigmund
  2259 | D:2      | Killed Sigmund
  2260 | D:2      | Reached skill level 5 in Axes
  2260 | D:2      | Gained mutation: Your touch may inflict minor irresistible
                  | damage on your foes. [demonic ancestry]
  2260 | D:2      | Reached XP level 4. HP: 35/35 MP: 4/4
  2260 | D:2      | Reached XP level 5. HP: 41/41 MP: 5/5
  3272 | D:3      | Found Ipno's Distillery.
  3492 | D:4      | Reached skill level 6 in Axes
  3626 | D:4      | Gained mutation: You have a moderately thin skeletal
                  | structure. (Dex +4, Stealth++) [demonic ancestry]
  3626 | D:4      | Reached XP level 6. HP: 26/47 MP: 6/6
  4369 | D:4      | Reached skill level 7 in Axes
  4374 | D:4      | Reached ** piety under Trog
  4473 | D:4      | Found a staircase to the Ecumenical Temple.
  4593 | D:5      | Entered Level 5 of the Dungeon
  4813 | D:5      | Gained mutation: Your touch may inflict irresistible damage
                  | on your foes. [demonic ancestry]
  4813 | D:5      | Reached XP level 7. HP: 51/52 MP: 7/7
  5283 | D:5      | Reached skill level 8 in Axes
  5826 | D:5      | HP: 2/78 [orc warrior (8)]
  5826 | D:5      | Slain by an orc warrior

Illustrated notes

Levels and vault maps discovered:
D:1:      dpeg_arrival_caged_fury, layout_basic,
          hellmonk_ecumenical_altar_blasted
D:2:      layout_loops_ring, serial_shops, shop, shop, shop, shop,
          chequers_serial_rivers_micro_e, minmay_tall_x, uniq_sigmund
D:3:      layout_loops_corners, serial_shops, nicolae_shop_statue_plus
D:4:      layout_loops_ring, minmay_temple_entry_fiery, st_stairs_3
D:5:      minmay_octagon_keep, layout_loops_cross, zin_academy,
          chequers_hall_statues_y, minmay_circle_x

Skill      XL: |  1  2  3  4  5  6  7 |
---------------+----------------------+-----
Axes           | 3 5 6 7 8 |  8.3
Fighting       | |  3.0
Armour         | |  1.7
Dodging        | |  1.7

Action                   |  1- 3 |  4- 6 |  7- 9 || total
-------------------------+-------+-------+-------++-------
Melee: Hand axe          |   105 |   100 |    50 ||   255
       Punch             |     1 |     2 |       ||     3
       Touch             |       |    27 |    13 ||    40
Invok: Berserk           |     3 |       |     2 ||     5
 Stab: Sleeping          |     8 |     8 |     2 ||    18
Armor: Animal skin       |    14 |    13 |    10 ||    37
Dodge: Dodged            |    69 |    55 |    32 ||   156

Table legend: (Time is in decaauts)
 A = Elapsed time spent in this place.
 B = Non-inter-level travel time spent in this place.
 C = Inter-level travel time spent in this place.
 D = Time resting spent in this place.
 E = Time spent auto-exploring this place.
 F = Levels seen in this place.
 G = Mean time per level.
                   A        B        C        D        E       F      G
               +--------+--------+--------+--------+--------+-----+--------+
         Total |   5869 |   5773 |     96 |   1139 |   3975 |   5 | 1173.8 |
       Dungeon |   5869 |   5773 |     96 |   1139 |   3975 |   5 | 1173.8 |
               +--------+--------+--------+--------+--------+-----+--------+

Top non-repeatable levels by time:
     D:1: 1390 daAuts
     D:5: 1237 daAuts
     D:2: 1236 daAuts
     D:4: 1127 daAuts
     D:3: 877 daAuts
